 Dungeon Crawl Stone Soup version 0.16-a0-2296-gdce89d5 (webtiles) character file.

164 PolkaDot the Insei (level 5, -1/42 HPs)
             Began as a Demonspawn Monk on Nov 16, 2014.
             Slain by an adder (3 damage)
             ... on level 3 of the Dungeon.
             The game lasted 00:08:54 (3063 turns).

PolkaDot the Insei (Demonspawn Monk)                Turns: 3063, Time: 00:08:54

Health: -1/42      AC:  3    Str: 11    XL:     5   Next: 21%
Magic:  5/5        EV: 15    Int: 11    God:
Gold:   139        SH:  0    Dex: 17    Spells: 0 memorised, 4 levels left

rFire  + . .     SeeInvis +       - Unarmed
rCold  x . .     Clarity  .     a - +0 robe
rNeg   . . .     SustAb   .     (no shield)
rPois  .         Gourm    .     n - +0 helmet
rElec  .         Spirit   .     (no cloak)
rCorr  .         Warding  .     (no gloves)
rMut   .         Stasis   .     (no boots)
MR     .....                    (no amulet)
Stlth  ++........               j - ring of see invisible
                                f - ring of fire

@: lethally poisoned, very slightly contaminated, not resistant to hostile
enchantments, unstealthy
A: repulsion field 1, powered by death 2
a: no special abilities


You were on level 3 of the Dungeon.
You were not hungry.

You visited 1 branch of the dungeon, and saw 3 of its levels.
You also visited: Sewer.

You collected 139 gold pieces.

Inventory:

Armour
 a - a +0 robe (worn)
 n - a +0 helmet (worn)
Jewellery
 f - a ring of fire (left hand)
 j - a ring of see invisible (right hand)
Potions
 g - a potion of brilliance
Comestibles
 b - 3 bread rations
 c - 4 beef jerkies
 d - a slice of pizza
 h - a chunk of flesh


   Skills:
 + Level 3.9 Fighting
 - Level 3.0 Dodging
 - Level 1.7 Stealth
 * Level 5.3 Unarmed Combat


You had 4 spell levels left.
You didn't know any spells.

Dungeon Overview and Level Annotations

Branches:
Dungeon (3/15)

Altars:

Annotations:
D:3 Grinder


Innate Abilities, Weirdness & Mutations

You are surrounded by a mild repulsion field (EV +2).
You can steal the life force of defeated enemies.


Message History

You miss the adder. Your punch misses the adder.
* * * LOW HITPOINT WARNING * * *
You feel sick. The adder barely misses you.
You hit the adder.
The adder is moderately wounded.
The adder misses you.
You hit the adder but do no damage.
The adder is moderately wounded.
* * * LOW HITPOINT WARNING * * *
You feel sick. The adder bites you but does no damage.
You hit the adder.
The adder is severely wounded.
The adder completely misses you. Grinder gestures at you.
Pain shoots through your body!
* * * LOW HITPOINT WARNING * * *
You barely miss the adder.
The adder is severely wounded.
The adder bites you.
You die...

...# #.................# #..
#..## #.................# #.#
#...## ##.<..............# #..
#.#.(#####...............# ######
#......####..............#.......
##.......................####..##
####...###...##.#...........#..#
.# #...##....##.##.....#....#..##
.###............@S...............
.....[........?..5##########...#.
###...#.........#..#### #####.
......#.........##....## .
....#.#)...........##..# .
.####...............##..<...... S
#######....###....#.######.... .
.............##.....### .. .
######..)##...........# .


You could see Grinder and an adder.

Vanquished Creatures
  A big kobold (D:3)
  2 adders (D:3)
  3 worms
  A giant gecko (D:3)
  An orc (D:3)
  4 bats (D:1)
  7 giant cockroaches
  7 hobgoblins
  2 jackals (D:3)
  A ball python (D:3)
  A giant newt (D:3)
  5 goblins
  2 green rat skeletons (Sewer)
  5 kobolds
  11 rats
  2 rat skeletons (Sewer)
  A rat zombie (Sewer)
56 creatures vanquished.

Notes
Turn   | Place    | Note
--------------------------------------------------------------
     0 | D:1      | PolkaDot, the Demonspawn Monk, began the quest for the Orb.
     0 | D:1      | Reached XP level 1. HP: 18/18 MP: 1/1
   324 | D:1      | Gained mutation: You can steal the life force of nearby defeated enemies. [demonic ancestry]
   324 | D:1      | Reached XP level 2. HP: 20/24 MP: 2/2
   350 | D:1      | Reached skill level 4 in Unarmed Combat
  1004 | D:2      | HP: 1/24 [worm (7)]
  1129 | D:2      | Gained mutation: You are surrounded by a mild repulsion field (EV +2). [demonic ancestry]
  1129 | D:2      | Reached XP level 3. HP: 29/29 MP: 3/3
  2192 | D:3      | Found a glowing drain.
  2196 | Sewer    | Entered a sewer
  2233 | Sewer    | Noticed a big kobold necromancer
  2388 | D:3      | Killed a big kobold necromancer
  2388 | D:3      | Reached skill level 5 in Unarmed Combat
  2388 | D:3      | Gained mutation: You can steal the life force of defeated enemies. [demonic ancestry]
  2388 | D:3      | Reached XP level 4. HP: 4/37 MP: 4/4
  2388 | D:3      | Reached XP level 5. HP: 4/42 MP: 5/5
  3012 | D:3      | Noticed Grinder
  3029 | D:3      | Paralysed by Grinder for 7 turns
  3062 | D:3      | HP: 2/42 [Grinder/nerve-wracking pain (1)]
  3063 | D:3      | Slain by an adder

Action                   |  1- 3 |  4- 6 || total
-------------------------+-------+-------++-------
Melee: Unarmed           |   256 |    63 ||   319
  Use: Potion            |     5 |     2 ||     7
       Scroll            |     4 |     2 ||     6
 Stab: Sleeping          |     2 |     1 ||     3
  Eat: Chunk             |     4 |     3 ||     7
